 Dungeon Crawl Stone Soup version 0.31-a0-237-g2d982f9f85 (webtiles) character file.

Game seed: 8481471327598460228

163 qw the Shooter (level 5, 0/30 HPs)
             Began as a Gargoyle Hexslinger on July 11, 2023.
             Slain by an orc
             ... wielding a +0 flail
              (1 damage)
             ... on level 4 of the Dungeon.
             The game lasted 00:00:57 (2134 turns).

qw the Shooter (Gargoyle Hexslinger)                Turns: 2134, Time: 00:00:58

Health: 0/30       AC: 11    Str: 11    XL:     5   Next: 44%
Magic:  6/6        EV: 10    Int: 14    God:
Gold:   196        SH:  0    Dex: 14    Spells: 5/6 levels left

rFire   . . .        Y - +1 sling
rCold   . . .        (no shield)
rNeg    + . .        d - +0 ring mail
rPois   inf          (no helmet)
rElec   +            (no cloak)
rCorr   .            h - +1 pair of gloves
SInv    .            (no boots)
Will    .....        (no amulet)
Stlth   +            (no ring)
HPRegen 0.25/turn    (no ring)
MPRegen 0.10/turn

%: no passive effects
@: no status effects
A: sickness immunity, AC +4, negative energy resistance 1, electricity
resistance, torment resistance 1, petrification resistance
a: no special abilities


You were on level 4 of the Dungeon.
You visited 1 branch of the dungeon, and saw 4 of its levels.

You collected 196 gold pieces.


Innate Abilities, Weirdness & Mutations

You are immune to sickness and miasma.
Your stone body is resilient. (AC +4)
You are immune to poison.
You resist negative energy. (rN+)
You are resistant to electric shocks. (rElec)
You are resistant to unholy torment.
You are immune to petrification.


   Skills:
 + Level 2.1 Fighting
 - Level 5.0 Ranged Weapons
 - Level 1.0 Armour
 - Level 1.5 Dodging
 - Level 1.0 Spellcasting
 - Level 2.6 Hexes


You had 5 spell levels left.
You knew the following spells:

 Your Spells              Type           Power      Damage    Failure   Level
a - Slow                  Hex            32%        N/A       21%         1

Your spell library contained the following spells:

 Spells                   Type           Power      Damage    Failure   Level
 Inner Flame              Hex/Fire       4%         N/A       71%         3
 Portal Projectile        Hex/Tloc       8%         N/A       71%         3
 Cause Fear               Hex            4%         N/A       90%         4

Inventory:

Hand Weapons
 Y - a +1 sling (weapon)
Armour
 d - a +0 ring mail (worn)
 h - a +1 pair of gloves (worn)
Jewellery
 k - a +5 ring of evasion
Scrolls
 g - a scroll of identify
 i - a scroll of revelation {unknown}
 j - a scroll of fear {unknown}
 l - a scroll of brand weapon {unknown}
Potions
 a - a potion of enlightenment {unknown}
 e - a potion of might
 f - 2 potions of degeneration {unknown}

Dungeon Overview and Level Annotations

Branches:
Dungeon (4/15)
 Temple: D:4-7

Altars:

Shops:
D:1 :


Message History

The orc closely misses you. The orc barely misses you.
The orc wizard hits you but does no damage.
The orc hits you with a +1 mace of protection.
The orc barely misses you. The orc wizard closely misses you.
The orc hits you but does no damage. x2; The orc wizard misses you.
The orc hits you with a +1 mace of protection.
The orc hits you with a +0 flail.
The orc wizard hits you but does no damage.
The orc closely misses you. x2; The orc wizard closely misses you.
The orc hits you with a +1 mace of protection.
The orc misses you.
The orc wizard hits you but does no damage.
You feel less confused.
The orc hits you but does no damage. x2; The orc wizard barely misses you.
You shoot a sling bullet.
The sling bullet closely misses the orc wizard.
The orc hits you with a +1 mace of protection.
The orc barely misses you.
The orc wizard casts a spell.
The orc wizard flickers and vanishes!
Deactivating autopickup; reactivate with Ctrl-A.
The orc hits you but does no damage. Something hits you but does no damage.
The orc hits you but does no damage.
You shoot a sling bullet. The sling bullet barely misses the orc.
The orc hits you but does no damage. The orc closely misses you.
Something hits you.
You shoot a sling bullet. The sling bullet hits the orc.
The orc is heavily wounded.
The orc barely misses you. x2; Something hits you.
You shoot a sling bullet.
The sling bullet hits the orc but does no damage.
The orc is heavily wounded.
The orc hits you but does no damage. The orc hits you with a +0 flail.
Something hits you but does no damage.
You shoot a sling bullet.
The sling bullet hits the orc but does no damage.
The orc is heavily wounded.
The orc hits you but does no damage. x2; Something hits you but does no damage.
The orc hits you with a +0 flail.
You die...

.......###......##..#
###)............##.##
#<....####......##.#
..##.## #...#.....#
####################
........(........####
...##......##..#....#
....))..#...#.##....#
.#..##.....#.#.#@o..#
####.###.####..#{o..#
### ### ###....#
.....# .....# #.#####
#. #.


You could see 2 orcs.

Vanquished Creatures
  A scorpion (D:4)
  An orc wizard (D:4)
  An adder (D:3)
  2 worms
  4 orcs (D:4)
  3 ball pythons
  5 endoplasms
  4 giant cockroaches
  7 hobgoblins
  3 kobolds
  3 quokkas
  4 bats
  4 frilled lizards
  11 goblins
  4 rats
57 creatures vanquished.

Notes
Turn   | Place    | Note
-------+----------+-------------------------------------------
     0 | D:1      | qw the Gargoyle Hexslinger began the quest for the Orb.
     0 | D:1      | Reached XP level 1. HP: 12/12 MP: 2/2
     0 | D:1      | 0 ||| qw: Version: 0.3-a-52-g30416fa
     0 | D:1      | 0 ||| qw: Game counter: 5854
     0 | D:1      | 0 ||| qw: Melee chars always use a shield: true
     0 | D:1      | 0 ||| qw: God list: Okawaru
     0 | D:1      | 0 ||| qw: Allow faded altars: false
     0 | D:1      | 0 ||| qw: Do Orc after clearing Dungeon:15 true
     0 | D:1      | 0 ||| qw: Do second Lair branch before Depths: true
     0 | D:1      | 0 ||| qw: Lair rune preference: random
     0 | D:1      | 0 ||| qw: Goals: Normal
     0 | D:1      | 0 ||| PLANNING D:1-11
   317 | D:1      | Found Ovorgh's Vocational Training.
   333 | D:1      | Reached XP level 2. HP: 14/16 MP: 3/3
   453 | D:1      | Reached skill level 3 in Ranged Weapons
   697 | D:1      | 697 ||| UPGRADING to +0 ring mail.
   707 | D:1      | 707 ||| DROPPING +0 robe.
   708 | D:1      | 708 ||| UPGRADING to +0 pair of gloves.
   713 | D:1      | 713 ||| READING scroll labelled UCLATHA KITSOM.
   714 | D:1      | 714 ||| READING scroll labelled NIBBIGHETOZ.
   715 | D:1      | 715 ||| READING scroll labelled UFEAKHL ZAZA.
   716 | D:1      | 716 ||| DROPPING scroll of poison.
   810 | D:2      | Reached XP level 3. HP: 16/21 MP: 4/4
   970 | D:2      | Reached skill level 1 in Armour
  1247 | D:2      | 1247 ||| READING scroll labelled APIOCVAUCE.
  1248 | D:2      | 1248 ||| READING scroll labelled ANEECA DEURIKE.
  1252 | D:2      | 1252 ||| DRINKING 2 fizzy black potions.
  1464 | D:3      | Reached XP level 4. HP: 26/26 MP: 5/5
  1536 | D:3      | 1536 ||| READING scroll of enchant armour.
  1536 | D:3      | 1536 ||| ENCHANTING +0 pair of gloves.
  1849 | D:3      | 1849 ||| READING 2 scrolls labelled LEDOAN ICWO.
  1850 | D:3      | 1850 ||| DRINKING 3 red potions.
  1851 | D:3      | 1851 ||| DRINKING 2 murky white potions.
  1912 | D:4      | 1912 ||| FLEEEEING.
  1913 | D:4      | 1913 ||| FLEEEEING.
  1914 | D:4      | 1914 ||| FLEEEEING.
  1915 | D:4      | 1915 ||| FLEEEEING.
  2005 | D:4      | Noticed a scorpion
  2022 | D:4      | Killed a scorpion
  2023 | D:4      | Reached skill level 4 in Ranged Weapons
  2023 | D:4      | Reached XP level 5. HP: 19/30 MP: 6/6
  2111 | D:4      | HP: 4/30 [orc wizard/+1 dagger of venom (4)]
  2112 | D:4      | 2112 ||| DRINKING 2 potions of heal wounds.
  2113 | D:4      | 2113 ||| DRINKING potion of curing.
  2113 | D:4      | 2113 ||| (to cure confusion)
  2116 | D:4      | Reached skill level 5 in Ranged Weapons
  2122 | D:4      | HP: 6/30 [orc/+1 mace of protection (5)]
  2123 | D:4      | 2123 ||| DRINKING potion of heal wounds.
  2128 | D:4      | HP: 7/30 [orc/+1 mace of protection (5)]
  2131 | D:4      | HP: 3/30 [something (3)]
  2133 | D:4      | HP: 1/30 [orc/+0 flail (2)]
  2134 | D:4      | Slain by an orc

Levels and vault maps discovered:
D:1:      spicycebolla_arrival_xxxplode, layout_loops_ring,
          dreamdust_mushroom_princess, chequers_serial_rivers_small_a,
          minivault_27, nicolae_shop_vocational
D:2:      layout_basic, grunt_ministairs_11, solitary_fountain
D:3:      layout_loops_ring
D:4:      layout_rooms, mainiacjoe_overflow_alcove_4, solitary_fountain,
          minmay_misc_feat_rugged

Skill      XL: |  1  2  3  4  5 |
---------------+----------------+-----
Ranged Weapons | 3 4 5 |  5.0
Fighting       | 2 |  2.1
Armour         | 1 |  1.0
Dodging        | |  1.5
Spellcasting   | |  1.0
Hexes          | |  2.6

Action                     |  1- 3 |  4- 6 || total
---------------------------+-------+-------++-------
   Fire: Sling             |   120 |    96 ||   216
    Use: Scroll            |     5 |     2 ||     7
         Potion            |     1 |     5 ||     6
 Armour: Robe              |     3 |       ||     3
         Ring mail         |    19 |    52 ||    71
  Dodge: Dodged            |    25 |    45 ||    70

Table legend:
 A = Non-vault XP
 B = Vault XP
 C = Vault XP percentage of total XP
 D = Non-vault monster count
 E = Vault monster count
 F = Vault count percentage of total count
                 A         B        C        D         E       F
            +---------+---------+-------+---------+---------+-------
      Total |     229 |       4 |   1.7 |      55 |       2 |   3.5
            +---------+---------+-------+---------+---------+-------
        D:1 |      22 |       0 |   0.0 |      14 |       0 |   0.0
        D:2 |      38 |       4 |   9.5 |      19 |       2 |   9.5
        D:3 |      25 |       0 |   0.0 |       9 |       0 |   0.0
        D:4 |     144 |       0 |   0.0 |      13 |       0 |   0.0
            +---------+---------+-------+---------+---------+-------
